 Dungeon Crawl Stone Soup version 0.22-b1-26-g9dbaab1 (webtiles) character file.

21 Lilu the Conjurer (level 2, -3/15 HPs)
             Began as a Deep Elf Conjurer on Aug 7, 2018.
             Killed from afar by a dart slug (4 damage)
             ... with a slug dart
             ... on level 2 of the Dungeon.
             The game lasted 00:02:17 (982 turns).

Lilu the Conjurer (Deep Elf Conjurer)                Turns: 982, Time: 00:02:18

Health: -3/15      AC:  2    Str:  5    XL:     2   Next: 62%
Magic:  3/8        EV: 13    Int: 19    God:
Gold:   63         SH:  0    Dex: 15    Spells: 4/7 levels left

rFire    . . .     SeeInvis .   g - +0 hand axe
rCold    . . .     Gourm    .   (no shield)
rNeg     . . .     Faith    .   a - +0 robe
rPois    .         Spirit   .   (no helmet)
rElec    .         Reflect  .   (no cloak)
rCorr    .         Harm     .   (no gloves)
MR       .....                  (no boots)
Stlth    ++........             (no amulet)
HPRegen  0.05/turn              (no ring)
MPRegen  0.11/turn              (no ring)

@: lethally poisoned (-3 -> -9), slowed, very slow
A: no striking features
a: no special abilities


You were on level 2 of the Dungeon.
You were not hungry.

You visited 1 branch of the dungeon, and saw 2 of its levels.

You collected 63 gold pieces.

Inventory:

Hand Weapons
 g - a +0 hand axe (weapon)
Missiles
 d - 16 arrows
 e - 20 stones (quivered)
Armour
 a - a +0 robe (worn)
Scrolls
 b - a scroll of teleportation {unknown}
 h - a scroll of identify {unknown}
 i - 2 scrolls of fog {unknown}
 k - a scroll of amnesia {unknown}
 l - a scroll of remove curse {unknown}
 m - a scroll of blinking {unknown}
Potions
 f - a potion of heal wounds {unknown}
 j - a potion of brilliance {unknown}
Comestibles
 c - a ration
 n - a chunk of flesh


   Skills:
 - Level 2.4 Dodging
 - Level 2.4 Stealth
 - Level 3.0 Spellcasting
 + Level 5.3 Conjurations


You had 4 spell levels left.
You knew the following spells:

 Your Spells              Type           Power        Failure   Level  Hunger
a - Magic Dart            Conj           ###.         1%          1    None
b - Searing Ray           Conj           ###...       2%          2    ##.....

Your spell library contained the following spells:

 Spells                   Type           Power        Failure   Level  Hunger
 Iskenderun's Mystic Bla  Conj           ###.....     17%         4    ####...
 Fulminant Prism          Conj/Hex       ##........   45%         4    ####...
 Dazzling Spray           Conj/Hex       ##....       16%         3    ###....
 Force Lance              Conj/Tloc      ##......     45%         4    ####...


Dungeon Overview and Level Annotations

Branches:
Dungeon (2/15)

Altars:

Annotations:
D:2 Natasha


Message History

The slug dart hits you!
The shadow imp hits you but does no damage. x2
You hit Natasha.
Natasha is heavily wounded.
You hit the adder but do no damage. You hit the shadow imp.
You closely miss the shadow imp. You hit the dart slug but do no damage.
You feel less wooden.
Your +0 robe unmelds from your body.
Natasha claws you. The adder misses you.
The shadow imp misses you. x2; The adder bites you.
* * * LOW HITPOINT WARNING * * *
You are lethally poisoned!
The adder poisons you!
Natasha mumbles some strange words.
The dart slug barely misses you. The shadow imp barely misses you. x2
A quokka comes into view.
* * * LOW HITPOINT WARNING * * *
You feel sick. The dart slug launches a dart at you. The slug dart hits you!
You die...

############
##......#....
##............
#.............
###.............
..%.....†.......
......w.@.......
.....†5hS.......
......5r......!.
......<.5.......
...........(....
...........)....
................
..............r.
...............


You could see an iron imp, Natasha, an adder, 2 shadow imps, a dart slug and 2
quokkas.

Vanquished Creatures
  An ooze (D:1)
  2 leopard geckos (D:1)
  2 goblins
  2 hobgoblins (D:1)
  A kobold (D:2)
  3 bats
  A frilled lizard (D:2)
  A rat (D:1)
13 creatures vanquished.

Notes
Turn   | Place    | Note
-------+----------+-------------------------------------------
     0 | D:1      | Lilu the Deep Elf Conjurer began the quest for the Orb.
     0 | D:1      | Reached XP level 1. HP: 10/10 MP: 6/6
   224 | D:1      | Reached XP level 2. HP: 15/15 MP: 0/8
   231 | D:1      | Learned a level 2 spell: Searing Ray
   363 | D:1      | Reached skill level 5 in Conjurations
   966 | D:2      | Noticed Natasha
   982 | D:2      | Killed from afar by a dart slug

Skill      XL: |  1  2 |
---------------+-------+-----
Conjurations   | 5 |  5.3
Dodging        | |  2.4
Stealth        | |  2.4
Spellcasting   | |  3.0

Action                   || total
-------------------------++-------
Melee: Unarmed           ||     4
       Hand axe          ||     8
 Cast: Magic Dart        ||    29
Armor: Skin              ||    38
       Robe              ||     1
Dodge: Dodged            ||    20
